 Dungeon Crawl Stone Soup version 0.29-a0-284-gf9362112df (webtiles) character file.

Game seed: 11606833852023893979

391 croobank the Skirmisher (level 6, -10/56 HPs)
             Began as a Hill Orc Fighter on Mar 15, 2022.
             Killed from afar by Dowan (15 damage)
             ... with a shard of ice
             ... on level 4 of the Dungeon.
             The game lasted 00:10:28 (3780 turns).

croobank the Skirmisher (Hill Orc Fighter)          Turns: 3780, Time: 00:10:29

Health: -10/56     AC:  8    Str: 21    XL:     6   Next: 80%
Magic:  6/6        EV:  8    Int:  8    God:
Gold:   138        SH:  8    Dex: 10    Spells: 5/5 levels left

rFire   . . .      SeeInvis .   a - +0 war axe
rCold   . . .      Faith    .   g - +0 kite shield
rNeg    . . .      Spirit   .   n - +0 scale mail
rPois   .          Reflect  .   (no helmet)
rElec   .          Harm     .   u - +0 cloak
rCorr   .          Rampage  .   (no gloves)
Will    .....                   (no boots)
Stlth   ..........              (no amulet)
HPRegen 0.18/turn               (no ring)
MPRegen 0.10/turn               (no ring)

@: no status effects
A: no striking features
a: no special abilities


You were on level 4 of the Dungeon.
You visited 1 branch of the dungeon, and saw 4 of its levels.

You collected 138 gold pieces.

Inventory:

Hand Weapons
 a - a +0 war axe (weapon)
 b - a +0 hunting sling
 p - a +0 short sword of draining
 s - a +0 long sword
Missiles
 l - 45 stones (quivered)
Armour
 g - a +0 kite shield (worn)
 m - a +0 chain mail
 n - a +0 scale mail (worn)
 r - a +0 plate armour
 u - a +0 cloak (worn)
Jewellery
 e - a ring of ice
Scrolls
 d - a scroll of magic mapping {unknown}
 f - a scroll of teleportation
 h - a scroll of enchant weapon {unknown}
 i - 2 scrolls of noise {unknown}
 j - 2 scrolls of identify {unknown}
 q - a scroll of torment {unknown}
 t - a scroll of immolation {unknown}
 v - a scroll of fear {unknown}


   Skills:
 + Level 5.4 Fighting
 + Level 5.1 Axes
 + Level 4.9 Armour
 + Level 4.9 Shields


You had 5 spell levels left.
You didn't know any spells.
Your spell library was empty.

Dungeon Overview and Level Annotations

Branches:
Dungeon (4/15)
 Temple: D:4-7

Altars:
Ashenzari

Annotations:
D:4 Dowan


Message History

You block Duvessa's attack. Duvessa barely misses you.
You hit Duvessa.
Duvessa is almost dead.
Duvessa barely misses you. Duvessa hits you with a +0 short sword.
* * * LOW HITPOINT WARNING * * *
You barely miss Duvessa.
Duvessa is almost dead.
Duvessa hits you with a +0 short sword.
* * * LOW HITPOINT WARNING * * *
Duvessa zaps a wand.
The puff of flame misses you.
You slash Duvessa!
You kill Duvessa!
Dowan's eyes darken. "You have made a black mistake."
Dowan seems to find hidden reserves of power!
Your Axes skill increases to level 5!
Okay, then.
You closely miss Dowan.
Dowan is moderately wounded.
Dowan hits you with a +0 dagger.
* * * LOW HITPOINT WARNING * * *
Dowan hits you with a +0 dagger.
* * * LOW HITPOINT WARNING * * *
You block Dowan's attack. Dowan hits you but does no damage.
You barely miss Dowan.
Dowan is moderately wounded.
Dowan hits you with a +0 dagger.
* * * LOW HITPOINT WARNING * * *
Dowan gestures wildly while chanting.
Dowan blinks!
Items here: ) / ? [ †.
Found 7 gold pieces and a sapphire ring.
You see here a hound skeleton.
You barely miss Dowan.
Dowan is moderately wounded.
Dowan mumbles some strange words.
Dowan blinks!
Dowan casts a spell at you. The shard of ice hits you!
You die...

########## ####
.........### ##..#
.=........$# #...#
.....>.....# #...#
..........# ###..##
..........# ##....#
......e@.# #..##.######
.........# ##.#.........
##.........§###e.#.........
#..........÷##..##.........
#..........))..###.........
###..........#####
#.........
##.............##
##.........
...........###..##
#.......... .........##.#
##..# ########...


You could see Dowan (fast).

Vanquished Creatures
  Duvessa (D:4)
  A howler monkey (D:4)
  4 hounds
  An orc wizard (D:3)
  4 adders
  3 dart slugs
  4 orcs (D:3)
  3 ball pythons
  9 endoplasms
  3 giant cockroaches
  6 goblins
  5 hobgoblins
  4 jackals
  2 quokkas (D:1)
  5 bats
  4 frilled lizards
  5 kobolds
  4 rats
68 creatures vanquished.

Notes
Turn   | Place    | Note
-------+----------+-------------------------------------------
     0 | D:1      | croobank the Hill Orc Fighter began the quest for the Orb.
     0 | D:1      | Reached XP level 1. HP: 19/19 MP: 1/1
    49 | D:1      | Reached XP level 2. HP: 25/27 MP: 2/2
   311 | D:1      | You fall into a shaft and drop 1 floor!
   450 | D:2      | Reached XP level 3. HP: 16/33 MP: 3/3
   665 | D:2      | Found a broken altar of Ashenzari.
  1350 | D:1      | Found a faded altar of an unknown god.
  1695 | D:3      | Reached XP level 4. HP: 40/40 MP: 4/4
  2277 | D:3      | Reached XP level 5. HP: 34/43 MP: 5/5
  3137 | D:4      | Reached XP level 6. HP: 49/55 MP: 6/6
  3186 | D:4      | Reached skill level 5 in Fighting
  3242 | D:4      | Noticed Dowan
  3243 | D:4      | Noticed Duvessa
  3771 | D:4      | Killed Duvessa
  3772 | D:4      | Reached skill level 5 in Axes
  3780 | D:4      | Killed from afar by Dowan

Illustrated notes

Levels and vault maps discovered:
D:1:      dpeg_arrival_more_subterranean_lakeside_camping, layout_loops_ring,
          dreamdust_ecumenical_altar_statues, minmay_tiny_reverse_x
D:2:      layout_basic, basic_altar, minmay_hexomino_u4
D:3:      layout_basic
D:4:      layout_rooms, slow_altar_2, uniq_duvessa

Skill      XL: |  1  2  3  4  5  6 |
---------------+-------------------+-----
Axes           | 3 4 5 |  5.1
Fighting       | 4 5 |  5.4
Armour         | 4 |  4.9
Shields        | 4 |  4.9

Action                   |  1- 3 |  4- 6 || total
-------------------------+-------+-------++-------
Melee: War axe           |    99 |   141 ||   240
Throw: Boomerang         |       |     2 ||     2
  Use: Potion            |     3 |     3 ||     6
       Scroll            |       |     2 ||     2
Armor: Scale mail        |    60 |    72 ||   132
       Skin              |     9 |       ||     9
Dodge: Dodged            |    48 |    46 ||    94
Block: Buckler           |    18 |       ||    18
       Kite shield       |    15 |    69 ||    84

Table legend: (Time is in decaauts)
 A = Elapsed time spent in this place.
 B = Non-inter-level travel time spent in this place.
 C = Inter-level travel time spent in this place.
 D = Time resting spent in this place.
 E = Time spent auto-exploring this place.
 F = Levels seen in this place.
 G = Mean time per level.
                   A        B        C        D        E       F      G
               +--------+--------+--------+--------+--------+-----+--------+
         Total |   3869 |   3771 |     98 |    804 |   2113 |   4 |  967.2 |
       Dungeon |   3869 |   3771 |     98 |    804 |   2113 |   4 |  967.2 |
               +--------+--------+--------+--------+--------+-----+--------+

Top non-repeatable levels by time:
     D:3: 1920 daAuts
     D:2: 959 daAuts
     D:1: 753 daAuts
     D:4: 235 daAuts
